 Dungeon Crawl Stone Soup version 0.29-a0-1027-gcd8c55af63 (webtiles) character file.

Game seed: 4139584417922022027

9 drugrobin the Sneak (level 1, -1/18 HPs)
             Began as a Demigod Delver on Aug 14, 2022.
             Slain by an orc
             ... wielding a +0 falchion
              (5 damage)
             ... on level 5 of the Dungeon.
             The game lasted 00:02:39 (692 turns).

drugrobin the Sneak (Demigod Delver)                 Turns: 692, Time: 00:02:39

Health: -1/18      AC:  3    Str: 13    XL:     1   Next: 93%
Magic:  3/3        EV: 11    Int: 12    God:
Gold:   24         SH:  0    Dex: 15    Spells: 0/0 levels left

rFire   . . .      SeeInvis .   a - +0 hand axe
rCold   . . .      Faith    .   (no shield)
rNeg    . . .      Spirit   .   b - +0 leather armour
rPois   .          Reflect  .   (no helmet)
rElec   .          Harm     .   (no cloak)
rCorr   .          Rampage  .   (no gloves)
Will    .....                   (no boots)
Stlth   +++.......              (no amulet)
HPRegen 0.06/turn               (no ring)
MPRegen 0.08/turn               (no ring)

@: no status effects
A: high MP 1, forlorn, divine attributes
a: no special abilities


You were on level 5 of the Dungeon.
You visited 1 branch of the dungeon, and saw 1 of its levels.

You collected 24 gold pieces.

Inventory:

Hand Weapons
 a - a +0 hand axe (weapon)
Missiles
 h - 17 stones (quivered)
Armour
 b - a +0 leather armour (worn)
Wands
 g - a wand of digging (3)
Scrolls
 c - a scroll of fog
 d - a scroll of magic mapping
 e - a scroll of fear
Potions
 f - a potion of haste
 j - a potion of attraction {unknown}


   Skills:
 - Level 2.6 Fighting
 + Level 2.2 Axes
 - Level 1.7 Dodging
 + Level 4.7 Stealth


You couldn't memorise any spells.
You didn't know any spells.
Your spell library was empty.

Dungeon Overview and Level Annotations

Branches:
Dungeon (5/15)
 Temple: D:4-7


Innate Abilities, Weirdness & Mutations

You have an increased reservoir of magic. (+10% MP)
You shall have no god before yourself.
Your divine heritage dramatically boosts your attributes as you level up.


Message History

The orc is moderately wounded.
The orc hits you with a +0 falchion. x2
You barely miss the orc.
The orc is moderately wounded.
The orc misses you.
You hit the orc but do no damage.
The orc is moderately wounded.
The orc barely misses you.
Unknown command.
Okay, then.
Unknown command.
You hit the orc.
The orc is heavily wounded.
The orc hits you with a +0 falchion.
* * * LOW HITPOINT WARNING * * *
Unknown command.
Unknown command.
Unknown command.
Unknown command.
Your movement speed is average.
Your attack delay is about 1.1.
Unknown command.
Unknown command.
You hit the orc.
The orc is severely wounded.
The orc barely misses you.
Unknown command.
Unknown command.
Unknown command.
Unknown command.
Press: ? - help, v - describe, . - travel
Here: an orc, wielding a +0 falchion (severely wounded)
The floor, spattered with blood.
Unknown command.
Cleave: a) +0 hand axe
Press: ? - help, Dir - move target, f/p - orc
Aim: an orc, wielding a +0 falchion (severely wounded, about 38% to evade your +0 hand axe)
You hit the orc but do no damage.
The orc is severely wounded.
The orc hits you with a +0 falchion.
You die...

....#..#...#.....#.........#
....#..#...#.....#..##.....#
....+..'...#.....#..########
....##'#####.....#.........#
.................#.........#
.................#..##.....#
##+#.............#..##.....#
...#.............'..########
...#............@#...#
...#####........o#...# #..#
+.........#..## ####
#.........#### #.........#
#.........# #.....)...#
+.........# #.........### ##


You could see an orc.

Vanquished Creatures
  An adder (D:5)
1 creature vanquished.

Notes
Turn   | Place    | Note
-------+----------+-------------------------------------------
     0 | D:5      | drugrobin the Demigod Delver began the quest for the Orb.
     0 | D:5      | Reached XP level 1. HP: 18/18 MP: 3/3
    66 | D:5      | Noticed an iguana
   201 | D:5      | Noticed an iguana
   260 | D:5      | HP: 1/27 [poisoned by an adder]
   692 | D:5      | Slain by an orc

Illustrated notes

Levels and vault maps discovered:
D:5:      layout_gridville, uniq_duvessa

Skill      XL: |  1 |
---------------+----+-----
Axes           | 2 |  2.2
Fighting       | |  2.6
Dodging        | |  1.7
Stealth        | |  4.7

Action                   || total
-------------------------++-------
Melee: Hand axe          ||    12
Throw: Stone             ||     5
  Use: Potion            ||     1
Armor: Leather armour    ||     1
Dodge: Dodged            ||     5

Table legend: (Time is in decaauts)
 A = Elapsed time spent in this place.
 B = Non-inter-level travel time spent in this place.
 C = Inter-level travel time spent in this place.
 D = Time resting spent in this place.
 E = Time spent auto-exploring this place.
 F = Levels seen in this place.
 G = Mean time per level.
                   A        B        C        D        E       F      G
               +--------+--------+--------+--------+--------+-----+--------+
         Total |    694 |    694 |      0 |    388 |      0 |   1 |  694.0 |
       Dungeon |    694 |    694 |      0 |    388 |      0 |   1 |  694.0 |
               +--------+--------+--------+--------+--------+-----+--------+

Top non-repeatable levels by time:
     D:5: 694 daAuts
